 Dungeon Crawl Stone Soup version 0.30.1-4-g462c640d31 (webtiles) character file.

Game seed: 11888813067108105264

38418 Peloso the Fencer (level 13, -19/119 HPs)
             Began as a Minotaur Fighter on Aug 19, 2023.
             Was a High Priest of Okawaru.
             Killed from afar by an ice dragon (60 damage)
             ... with a blast of cold
             ... on level 3 of the Lair of Beasts.
             The game lasted 00:34:02 (20371 turns).

Peloso the Fencer (Minotaur Fighter)               Turns: 20371, Time: 00:34:03

Health: -19/119    AC: 23    Str: 29    XL:     13   Next: 63%
Magic:  13/13      EV: 15    Int:  8    God:    Okawaru [*****.]
Gold:   976        SH:  9    Dex: 30    Spells: 12/12 levels left

rFire   . . .        a - +6 double sword "Tutioratz" {drain, rElec Str+2 Int+3}
rCold   x . .        d - +0 buckler
rNeg    . . .        L - +4 chain mail of the Carpenter {rElec rC- rCorr Dex+6}
rPois   .            N - +1 hat of Vafirim {Dex+3}
rElec   +            w - +2 cloak
rCorr   +            (no gloves)
SInv    .            k - +0 pair of boots
Will    .....        (no amulet)
Stlth   +            A - +6 ring of strength
HPRegen 0.39/turn    M - +6 ring of dexterity
MPRegen 0.13/turn

%: no passive effects
@: no status effects
A: horns 2, retaliatory headbutt
a: Renounce Religion, Heroism, Finesse, Duel


You were on level 3 of the Lair of Beasts.
You worshipped Okawaru.
Okawaru was extremely pleased with you.
You visited 4 branches of the dungeon, and saw 18 of its levels.
You also visited: Ossuary.

You collected 1671 gold pieces.
You spent 695 gold pieces at shops.

Inventory:

Hand Weapons
 a - the +6 double sword "Tutioratz" (weapon) {drain, rElec Str+2 Int+3}
   (Okawaru gifted it to you on level 2 of the Orcish Mines)

   Str:       It affects your strength (+2).
   Int:       It affects your intelligence (+3).
   rElec:     It insulates you from electricity.
 b - a +2 scimitar of flaming
Armour
 c - a +0 hat
 d - a +0 buckler (worn)
 k - a +0 pair of boots (worn)
 q - a +2 chain mail of poison resistance
 v - a +0 plate armour of fire resistance
 w - a +2 cloak (worn)
 L - the +4 chain mail of the Carpenter (worn) {rElec rC- rCorr Dex+6}
   (You bought it in a shop on level 2 of the Orcish Mines)

   Dex:       It affects your dexterity (+6).
   rC:        It makes you vulnerable to cold.
   rElec:     It insulates you from electricity.
   rCorr:     It protects you from acid and corrosion.
 N - the +1 hat of Vafirim (worn) {Dex+3}
   (Okawaru gifted it to you on level 12 of the Dungeon)

   Dex:       It affects your dexterity (+3).
Jewellery
 g - a ring of ice
 j - a ring of fire
 p - an amulet of magic regeneration
 A - a +6 ring of strength (left hand)
 M - a +6 ring of dexterity (right hand)
Wands
 s - a wand of paralysis (14)
 u - a wand of polymorph (8)
 B - a wand of flame (12)
 D - a wand of roots (18)
 F - a wand of digging (4)
Scrolls
 i - 4 scrolls of teleportation
 l - a scroll of magic mapping
 m - 2 scrolls of identify
 o - 3 scrolls of fear
 r - 3 scrolls of enchant weapon
 y - 2 scrolls of vulnerability {unknown}
 z - 3 scrolls of poison {unknown}
 E - 2 scrolls of butterflies {unknown}
 K - a scroll of enchant armour {unknown}
Potions
 e - 4 potions of curing
 f - 2 potions of might
 h - a potion of invisibility
 n - 3 potions of haste
 t - 4 potions of flight
 x - 4 potions of lignification
 C - 2 potions of resistance
 G - a potion of magic
 H - a potion of mutation {unknown}
 I - 2 potions of berserk rage {unknown}
 J - 2 potions of brilliance {unknown}


   Skills:
 + Level 12.7 Fighting
 + Level 16.0 Long Blades
 + Level 14.8 Armour
 + Level 6.4 Dodging
 + Level 3.5 Stealth
 + Level 11.4 Shields
 + Level 2.5 Invocations
 + Level 0.2 Evocations


You had 12 spell levels left.
You didn't know any spells.
Your spell library contained the following spells:

 Spells                   Type           Power      Damage    Failure   Level
 Apportation              Tloc           0%         N/A       80%         1
 Kiss of Death            Conj/Necr      0%         2d5       80%         1
 Necrotise                Necr           0%         1d4       80%         1
 Sandblast                Erth           0%         2d4       80%         1
 Ensorcelled Hibernation  Hex/Ice        0%         N/A       91%         2
 Passwall                 Tmut/Erth      0%         N/A       91%         2
 Sublimation of Blood     Necr           0%         N/A       91%         2
 Confusing Touch          Hex            0%         N/A       99%         3
 Dazzling Flash           Conj/Hex       0%         N/A       99%         3
 Gell's Gravitas          Tloc           0%         N/A       99%         3
 Portal Projectile        Hex/Tloc       0%         N/A       99%         3
 Spider Form              Tmut/Pois      0%         N/A       99%         3
 Stone Arrow              Conj/Erth      0%         3d7       99%         3
 Teleport Other           Tloc           0%         N/A       99%         3
 Volatile Blastmotes      Fire/Tloc      0%         2d10      99%         3
 Anguish                  Hex/Necr       0%         N/A       100%        4
 Dispel Undead            Necr           0%         3d6       100%        4
 Iskenderun's Mystic Bla  Conj/Tloc      0%         2d3       100%        4
 Leda's Liquefaction      Hex/Erth       0%         N/A       100%        4
 Passage of Golubria      Tloc           0%         N/A       100%        4
 Petrify                  Tmut/Erth      0%         N/A       100%        4
 Blade Hands              Tmut           0%         N/A       100%        5
 Irradiate                Conj/Tmut      0%         3d11      100%        5
 Yara's Violent Unravell  Hex/Tmut       0%         3d3       100%        5
 Dispersal                Tloc           0%         N/A       100%        6
 Starburst                Conj/Fire      0%         6d3       100%        6
 Lehudib's Crystal Spear  Conj/Erth      0%         10d2      100%        8
 Summon Small Mammal      Summ           Unusable   N/A       N/A         1
 Call Canine Familiar     Summ           Unusable   N/A       N/A         3
 Tukima's Dance           Hex            Unusable   N/A       N/A         3
 Animate Armour           Summ/Erth      Unusable   N/A       N/A         4

Dungeon Overview and Level Annotations

Branches:
Dungeon (12/15)            Temple (1/1) D:7            Lair (3/5) D:9
 Shoals (0/4) Lair:2          Orc (2/2) D:11            Elf (0/3) Orc:2
Ossuary (visited)
  Snake: Lair:2-3    Spider: Lair:2-3

Altars:
Ashenzari
Dithmenos
Elyvilon
Fedhas
Gozag
Hepliaklqana
Kikubaaqudgha
Makhleb
Nemelex Xobeh
Okawaru
Qazlal
Ru
Sif Muna
Trog
Uskayaw
Vehumet
Wu Jian
Xom
Yredelemnul
Zin
The Shining One

Shops:
D:5 (   Orc:2 =(*[*

Annotations:
D:4 1 runed translucent door, Tarkan's ghost, amateur MiFi
D:7 1 transporter, Peloso's ghost, novice MiFi
Lair:2 1 runed translucent door


Innate Abilities, Weirdness & Mutations

You have a pair of horns on your head.
You reflexively headbutt those who attack you in melee.


Message History

You kill the white imp!
Okawaru accepts your kill.
The white imp shouts, "Accept thy failure, thou fobbing tip-merry haggard!"
The white imp gestures at you.
The puff of frost hits you but does no damage.
The ice beast misses you.
You slice the ice beast like a ripe choko!!!
You kill the ice beast!
Okawaru accepts your kill.
The white imp lashes its tail.
The white imp gestures at you.
The puff of frost hits you but does no damage.
The white imp closely misses you. You furiously retaliate!
You headbutt the white imp! You closely miss the white imp.
The white imp is severely wounded.
The white imp hits you but does no damage.
You hit the white imp but do no damage.
The white imp is severely wounded.
You slash the white imp!
You kill the white imp!
Okawaru accepts your kill. The white imp gestures at you.
The puff of frost hits you!
You feel a terrible chill! The white imp barely misses you.
You slash the white imp! You headbutt the white imp.
You kill the white imp!
Okawaru accepts your kill.
An ice dragon comes into view.
An ice dragon is nearby!
An ice dragon is nearby!
The ice dragon roars deafeningly!
The ice dragon breathes frost at you. The blast of cold hits you!!!
You feel a terrible chill!
Ouch! That really hurt!
You hear an angry growl.
The ice dragon breathes frost at you. The blast of cold hits you!!!
You feel a terrible chill!
Ouch! That really hurt!
You die...

..≈≈≈≈≈≈≈≈≈≈≈≈≈
..≈≈≈≈≈≈≈≈≈≈≈≈≈
..≈≈≈≈≈≈≈≈≈≈≈≈≈
≈≈.≈.≈~.~~≈~...~≈
~≈....D.≈≈≈...≈≈.
~.~~$.○..≈≈≈..~≈≈
.~.~..○.....~≈~~.
⌠.≈≈≈..@....≈~..⌠
.##............#
#............#P..#
#P..##..........P#
#..... #.####+P.#..#
P.....###.###+###.#
....^.............#
..................##
...................#


You could see an ice dragon (catching breath).

Vanquished Creatures
  Jorgrun (Orc:1)
  Snorg (D:11)
  An ettin (Orc:2)
  2 boulder beetles (D:11)
  2 two-headed ogres (D:9)
  A centaur warrior (D:12)
  3 orc high priests (Orc:2)
  Sonja (Orc:1)
  A lindwurm (Lair:1)
  3 orc knights
  An oklob plant (Lair:1)
  4 orc sorcerers
  3 cyclopes
  2 ugly things
  4 manticores
  2 black mambas (Lair:1)
  5 elephants (Lair:1)
  A gargoyle (D:12)
  An unseen horror (D:11)
  2 cane toads
  4 kobold demonologists
  An efreet (D:12)
  4 komodo dragons
  2 trolls
  2 polar bears (Lair:1)
  A wind drake (Lair:2)
  Prince Ribbit (D:6)
  A raiju (shapeshifter) (D:11)
  11 blink frogs
  2 shadows
  2 wyverns (D:9)
  5 wraiths
  A spriggan (Lair:1)
  3 water elementals (D:12)
  A basilisk (D:12)
  19 yaks
  2 vampire mosquitoes (D:11)
  5 wargs (Orc:1)
  10 water moccasins
  2 ice beasts
  4 black bears
  23 orc warriors
  4 centaurs
  2 phantoms
  7 ogres
  A gnoll sergeant (D:12)
  A kobold brigand (D:12)
  5 bullfrogs
  4 scorpions
  10 wights
  15 killer bees
  2 electric eels
  5 howler monkeys
  3 hounds
  5 jellies
  13 orc priests
  Crazy Yiuf (D:3)
  2 sleepcaps
  Jessica (D:2)
  4 iguanas
  20 orc wizards
  A statue (D:8)
  A mummy (D:8)
  Robin (D:2)
  7 gnolls
  5 adders
  A shadow imp (D:5)
  4 white imps
  4 ufetubi
  2 worms
  4 dart slugs
  80 orcs
  5 ball pythons
  7 bats
  7 endoplasms
  2 giant cockroaches
  17 goblins
  11 hobgoblins
  10 jackals
  8 kobolds
  5 quokkas
  A ball python skeleton (Ossuary)
  7 frilled lizards
  A hobgoblin skeleton (Ossuary)
  A hobgoblin zombie (Ossuary)
  2 kobold zombies (Ossuary)
  2 orc zombies (Ossuary)
  4 rats
452 creatures vanquished.

Vanquished Creatures (others)
  An unseen horror (D:12)
  2 orc wizards
3 creatures vanquished.

Grand Total: 455 creatures vanquished

Notes
Turn   | Place    | Note
-------+----------+-------------------------------------------
     0 | D:1      | Peloso the Minotaur Fighter began the quest for the Orb.
     0 | D:1      | Reached XP level 1. HP: 19/19 MP: 0/0
    69 | D:1      | Reached XP level 2. HP: 26/27 MP: 1/1
   316 | D:1      | Reached skill level 3 in Long Blades
   353 | D:1      | Reached XP level 3. HP: 33/33 MP: 2/2
   919 | D:2      | Noticed Robin
   949 | D:2      | Killed Robin
   950 | D:2      | Reached XP level 4. HP: 17/40 MP: 3/3
  1191 | D:2      | Noticed Jessica
  1201 | D:2      | Killed Jessica
  1202 | D:2      | Reached skill level 4 in Long Blades
  1318 | D:2      | Reached XP level 5. HP: 47/47 MP: 4/4
  1846 | D:3      | Reached skill level 5 in Armour
  1879 | D:3      | Reached skill level 5 in Long Blades
  2110 | D:3      | Found a runed translucent door.
  2111 | D:3      | Noticed Crazy Yiuf
  2132 | D:3      | You fall into a shaft and drop 1 floor!
  2187 | D:4      | Noticed a phantom
  2187 | D:4      | Noticed a black bear
  2191 | D:4      | Killed a black bear
  2192 | D:4      | Reached XP level 6. HP: 52/53 MP: 5/5
  2445 | D:4      | Found a runed translucent door.
  2445 | D:4      | Noticed Tarkan's ghost (amateur MiFi)
  2612 | D:4      | Reached skill level 6 in Long Blades
  2612 | D:4      | Reached skill level 1 in Dodging
  2612 | D:4      | Reached skill level 5 in Shields
  2671 | D:4      | Reached XP level 7. HP: 53/60 MP: 6/6
  2750 | D:4      | Found a broken altar of Ashenzari.
  2917 | D:5      | Entered Level 5 of the Dungeon
  2935 | D:5      | Found Nuidd's Weapon Boutique.
  3022 | D:5      | Reached skill level 5 in Fighting
  3180 | D:5      | Found a blossoming altar of Fedhas.
  3249 | D:5      | Reached skill level 7 in Long Blades
  3319 | D:5      | Reached XP level 8. HP: 66/69 MP: 7/7
  3401 | D:5      | Found an opulent altar of Gozag.
  3820 | D:5      | Reached skill level 8 in Long Blades
  4184 | D:5      | Found a white marble altar of Elyvilon.
  4720 | D:3      | Killed Crazy Yiuf
  4962 | D:6      | Found a glowing golden altar of the Shining One.
  5016 | D:6      | Noticed Prince Ribbit
  5043 | D:6      | Reached skill level 9 in Long Blades
  5066 | D:6      | Killed Prince Ribbit
  5067 | D:6      | Reached skill level 1 in Stealth
  5067 | D:6      | Reached XP level 9. HP: 23/78 MP: 8/8
  6126 | D:7      | Found a transporter.
  6131 | D:7      | Found a bloodstained altar of Trog.
  6131 | D:7      | Noticed Peloso's ghost (novice MiFi)
  6131 | D:7      | Noticed a moth of wrath
  6131 | D:7      | Noticed a two-headed ogre
  6219 | D:7      | Reached skill level 10 in Long Blades
  6446 | D:7      | Found a staircase to the Ecumenical Temple.
  6531 | Temple   | Entered the Ecumenical Temple
  6745 | Temple   | Became a worshipper of Warmaster Okawaru
  7091 | D:8      | Found a sand-covered staircase.
  7100 | Ossuary  | Entered an ossuary
  7930 | D:8      | Found a bloodstained altar of Trog.
  7935 | D:8      | Reached * piety under Okawaru
  8120 | D:8      | Reached XP level 10. HP: 67/86 MP: 9/9
  8384 | D:8      | Found a radiant altar of Vehumet.
  8577 | D:8      | Found a glowing silver altar of Zin.
  8734 | D:9      | Reached skill level 10 in Armour
  8861 | D:9      | Reached ** piety under Okawaru
  8882 | D:9      | Reached skill level 11 in Long Blades
  8943 | D:9      | Noticed a two-headed ogre
  8947 | D:9      | Noticed a two-headed ogre
  8966 | D:9      | Killed a two-headed ogre
  8966 | D:9      | Reached *** piety under Okawaru
  8972 | D:9      | Killed a two-headed ogre
  8973 | D:9      | Reached skill level 12 in Long Blades
  9266 | D:9      | Found a staircase to the Lair.
  9339 | D:9      | Found a basalt altar of Yredelemnul.
  9652 | D:10     | Entered Level 10 of the Dungeon
  9679 | D:10     | Reached XP level 11. HP: 94/95 MP: 10/10
 10002 | D:10     | Noticed a cyan ugly thing
 10011 | D:10     | Killed a cyan ugly thing
 10161 | D:10     | Noticed a sun demon
 10930 | D:11     | Noticed a boulder beetle
 10958 | D:11     | Killed a boulder beetle
 10958 | D:11     | Reached **** piety under Okawaru
 11164 | D:11     | Reached skill level 13 in Long Blades
 11532 | D:11     | Noticed a boulder beetle
 11562 | D:11     | Killed a boulder beetle
 11627 | D:11     | Found a staircase to the Orcish Mines.
 11820 | D:11     | Noticed Snorg
 11833 | D:11     | Killed Snorg
 12063 | D:11     | Reached skill level 1 in Invocations
 12295 | D:11     | Reached skill level 10 in Fighting
 12634 | Lair:1   | Entered Level 1 of the Lair of Beasts
 12666 | Lair:1   | Reached ***** piety under Okawaru
 12823 | Lair:1   | Noticed a lindwurm
 12829 | Lair:1   | Reached skill level 14 in Long Blades
 12838 | Lair:1   | Killed a lindwurm
 12839 | Lair:1   | Reached XP level 12. HP: 95/107 MP: 9/11
 13600 | Lair:1   | Reached skill level 5 in Dodging
 14631 | Lair:2   | Found a shadowy altar of Dithmenos.
 14974 | Lair:2   | Received a gift from Okawaru
 15029 | Lair:2   | Found a runed translucent door.
 15048 | Lair:2   | Found a staircase to the Shoals.
 15489 | Orc:1    | Entered Level 1 of the Orcish Mines
 15677 | Orc:1    | Noticed Jorgrun
 15693 | Orc:1    | Killed Jorgrun
 15694 | Orc:1    | Reached skill level 10 in Shields
 15913 | Orc:1    | Noticed Sonja
 15929 | Orc:1    | Killed Sonja
 15930 | Orc:1    | Reached skill level 15 in Long Blades
 16552 | Orc:1    | Reached XP level 13. HP: 102/117 MP: 13/13
 16826 | Orc:2    | Entered Level 2 of the Orcish Mines
 17846 | Orc:2    | Noticed an ettin
 17857 | Orc:2    | Killed an ettin
 17943 | Orc:2    | Found Yvuriq's General Store.
 17986 | Orc:2    | Found a staircase to the Elven Halls.
 18860 | Orc:2    | Identified the +6 double sword "Tutioratz" {drain, rElec
                  | Str+2 Int+3} (Okawaru gifted it to you on level 2 of the
                  | Orcish Mines)
 18860 | Orc:2    | Received a gift from Okawaru
 19220 | Orc:2    | Found Vopus's General Store.
 19220 | Orc:2    | Found Moiwicso's Armour Shop.
 19222 | Orc:2    | Found Ejiamoll's Jewellery Emporium.
 19222 | Orc:2    | Found Isec's Antique Weapon Shop.
 19256 | Orc:2    | Bought the +4 chain mail of the Carpenter {rElec rC- rCorr
                  | Dex+6} for 695 gold pieces
 19470 | D:12     | Identified the +5 scale mail of Wrong Decisions {Will+++
                  | rCorr Str-4 Dex+3}
 19570 | D:12     | Identified the +1 hat of Vafirim {Dex+3} (Okawaru gifted it
                  | to you on level 12 of the Dungeon)
 19570 | D:12     | Received a gift from Okawaru
 19630 | D:12     | Reached skill level 16 in Long Blades
 20371 | Lair:3   | Killed from afar by an ice dragon

Illustrated notes

Levels and vault maps discovered:
D:1:      lordsloth_arrival_two_stooges, layout_basic
D:2:      layout_basic, chequers_decorated_corner, uniq_jessica, uniq_robin
D:3:      layout_rooms, serial_co_window_serial, co_window_corner_a,
          co_window_corner_a, co_window_corner_a, co_window_paths_a,
          co_window_corner_a, co_window_corner_b, co_window_broadway_b,
          co_window_unsneaky_path_a, co_window_2corner, co_window_2corner,
          co_window_broadway_a, uniq_crazy_yiuf_cottage
D:4:      layout_basic, nicolae_ashenzari_skybound, gammafunk_ghost_grave
D:5:      layout_basic, lemuel_tele_altar, nicolae_gozag_seed_capital,
          mainiacjoe_overflow_tiny_flanked, serial_shops, shop,
          chequers_serial_rivers_room_b, kennysheep_boxes
D:6:      layout_basic, tso_metal_star, uniq_prince_ribbit1
D:7:      layout_rooms, temple_pool_b, gammafunk_ghost_wrathful_warriors,
          minmay_crossroads
D:8:      layout_basic, zin_scriptorium, vehumet_statue, trog_ov_bears_minmay,
          gup_ossuary_entry_pyramid
D:9:      layout_basic, mainiacjoe_overflow_24_doors, david_lair_shrubbed,
          amcnicky_mini_corridor_feature, grunt_decor_junction
D:10:     layout_basic
D:11:     nicolae_BIG_FREAKIN_CUBE, layout_gridville, uniq_snorg
D:12:     layout_basic
Temple:   oiseaux_autumnal_temple
Lair:1:   layout_layer_cave, grunt_forest_large_clearing_hut
Lair:2:   dreamdust_labyrinth, layout_regular_city, minmay_shoals_entry_beasts,
          basic_altar
Lair:3:   layout_regular_city, minmay_snake_entry_guardpost_small, basic_altar,
          chequers_serial_rivers_small_a, ice2_lemuel, serial_bayou_shore_b,
          uniq_rupert
Orc:1:    layout_caves, nooodl_orcs_dogs, uniq_sonja, uniq_jorgrun
Orc:2:    grunt_orc_tribal_feast, layout_caves, serial_shops,
          nicolae_shop_waterfront

Skill      XL: |  1  2  3  4  5  6  7  8  9 10 11 12 13 |
---------------+----------------------------------------+-----
Fighting       | 4 5 6 7 8 10 11 12 | 12.7
Armour         | 4 5 6 8 9 11 13 14 | 14.8
Long Blades    | 3 4 5 6 7 9 10 12 14 15 16 | 16.0
Shields        | 4 5 6 7 8 10 11 | 11.4
Dodging        | 1 2 3 4 5 6 |  6.4
Stealth        | 1 2 3 |  3.5
Invocations    | 1 2 |  2.5
Evocations     | |  0.2

Action                     |  1- 3 |  4- 6 |  7- 9 | 10-12 | 13-15 || total
---------------------------+-------+-------+-------+-------+-------++-------
  Melee: Long sword        |   100 |   103 |   129 |   640 |   126 ||  1098
         Headbutt          |    21 |    24 |    68 |   151 |    51 ||   315
         Falchion          |       |    41 |   236 |       |       ||   277
         Double sword      |       |       |       |       |   121 ||   121
 Invoke: Heroism           |       |       |       |    11 |     6 ||    17
  Evoke: Wand              |       |       |     1 |     2 |     2 ||     5
    Use: Potion            |     1 |       |     4 |     1 |     6 ||    12
         Scroll            |       |     2 |    10 |     5 |     4 ||    21
   Stab: Paralysed         |       |       |     6 |     1 |       ||     7
 Armour: Scale mail        |    48 |       |       |       |       ||    48
         Chain mail        |    25 |   104 |   190 |   276 |    96 ||   691
         Plate armour      |       |       |       |       |     6 ||     6
  Dodge: Dodged            |    58 |    63 |   139 |   282 |   111 ||   653
  Block: Buckler           |    30 |    30 |    91 |   189 |    91 ||   431
